 Dungeon Crawl Stone Soup version 0.30.2 (webtiles) character file.

Game seed: 13410940928260229306

16 porpoise the Shooter (level 2, -6/18 HPs)
             Began as a Kobold Hunter on Jan 22, 2024.
             Mangled by Natasha (7 damage)
             ... on level 2 of the Dungeon.
             The game lasted 00:01:27 (827 turns).

porpoise the Shooter (Kobold Hunter)                 Turns: 827, Time: 00:01:28

Health: -6/18      AC:  3    Str:  8    XL:     2   Next: 70%
Magic:  2/2        EV: 14    Int: 10    God:
Gold:   63         SH:  0    Dex: 18    Spells: 1/1 levels left

rFire   . . .        a - +0 shortbow
rCold   . . .        (shield currently unavailable)
rNeg    . . .        c - +0 leather armour
rPois   .            (no helmet)
rElec   .            (no cloak)
rCorr   .            (no gloves)
SInv    .            (no boots)
Will    .....        (no amulet)
Stlth   +++          (no ring)
HPRegen 0.23/turn    (no ring)
MPRegen 0.08/turn

%: no passive effects
@: lethally poisoned (-6 -> -20)
A: small, no large weapons, nightstalker 3
a: no special abilities


You were on level 2 of the Dungeon.
You visited 1 branch of the dungeon, and saw 2 of its levels.

You collected 63 gold pieces.

Inventory:

Hand Weapons
 a - a +0 shortbow (weapon)
 h - a +0 spear
Armour
 c - a +0 leather armour (worn)
Jewellery
 m - an amulet of guardian spirit
Scrolls
 b - 2 scrolls of immolation
 e - a scroll of identify {unknown}
 g - a scroll of acquirement {unknown}
 j - a scroll of magic mapping
 l - a scroll of vulnerability {unknown}
 n - a scroll of poison {unknown}
Potions
 d - a potion of cancellation {unknown}
 f - a potion of lignification {unknown}
 i - a potion of curing {unknown}
 k - 2 potions of heal wounds {unknown}


   Skills:
 + Level 2.6 Fighting
 * Level 5.9 Ranged Weapons
 - Level 2.4 Dodging
 - Level 1.3 Stealth


You had one spell level left.
You didn't know any spells.
Your spell library contained the following spells:

 Spells                   Type           Power      Damage    Failure   Level
 Poisonous Vapours        Pois/Air       0%         N/A       63%         2
 Mephitic Cloud           Conj/Pois/Air  0%         N/A       86%         3
 Freezing Cloud           Conj/Ice/Air   0%         6-21      100%        5


Dungeon Overview and Level Annotations

Branches:
Dungeon (2/15)

Altars:

Annotations:
D:2 Natasha


Innate Abilities, Weirdness & Mutations

You are small and have problems with some larger weapons.
You are completely attuned to the shadows.


Message History

Aim: Natasha (moderately wounded, 58% to hit)
You shoot an arrow. The arrow closely misses Natasha.
The goblin barely misses you. Natasha closely misses you.
The goblin hits you but does no damage.
You are poisoned.
Fire: a) +0 shortbow
Press: ? - help, Q - select action Shift-Dir - straight line, f/p - Natasha
Aim: Natasha (moderately wounded, 58% to hit)
You shoot an arrow. The arrow barely misses Natasha.
You feel very sick. Natasha barely misses you.
The goblin hits you with a +0 dagger of venom.
Natasha misses you.
Fire: a) +0 shortbow
Press: ? - help, Q - select action Shift-Dir - straight line, f - goblin, p - Natasha
Aim: a goblin, wielding a +0 dagger of venom (moderately wounded, 58% to hit)
You shoot an arrow. The arrow barely misses the goblin.
You feel sick.
The goblin hits you with a +0 dagger of venom.
You are lethally poisoned!
Natasha claws you.
Fire: a) +0 shortbow
Press: ? - help, Q - select action Shift-Dir - straight line, f/p - goblin
Aim: a goblin, wielding a +0 dagger of venom (moderately wounded, 58% to hit)
You shoot an arrow. The arrow barely misses the goblin.
You feel very sick. The goblin hits you but does no damage.
You are more poisoned.
Natasha howls an incantation.
You feel disoriented. Natasha barely misses you.
Fire: a) +0 shortbow
Press: ? - help, Q - select action Shift-Dir - straight line, f/p - goblin
Aim: a goblin, wielding a +0 dagger of venom (moderately wounded, 58% to hit)
You shoot an arrow. The arrow hits the goblin!
You kill the goblin!
* * * LOW HITPOINT WARNING * * *
You feel very sick. Natasha claws you!
You die...

***#########
*,,........# ******
*,,........#######*,,,,,
*,,...h..........#*,,,,,
*,,...$@.........#*,,,,,
*,,....).........#*,,,,,
*,,..............#*,,,,,
*,,>............###..,,,
*,,..........#.......,,,
*****,,*###<.#.####..,,,
*,,,,,....#.#.# **,***
*,,,,,......#.#****,***
*,,,,,....>..).,,,,,,,,


You could see Natasha.

Vanquished Creatures
  2 dart slugs (D:1)
  A ball python (D:1)
  A bat (D:1)
  2 goblins
  A hobgoblin (D:1)
  3 kobolds
  A rat (D:1)
11 creatures vanquished.

Notes
Turn   | Place    | Note
-------+----------+-------------------------------------------
     0 | D:1      | porpoise the Kobold Hunter began the quest for the Orb.
     0 | D:1      | Reached XP level 1. HP: 12/12 MP: 1/1
   242 | D:1      | Reached XP level 2. HP: 18/18 MP: 2/2
   820 | D:2      | Noticed Natasha
   827 | D:2      | Mangled by Natasha

Illustrated notes

Levels and vault maps discovered:
D:1:      dpeg_arrival_lava_altar, layout_basic
D:2:      layout_basic, ebering_ecumenical_altar_sacrificial, basic_altar,
          kennysheep_generic_room_14, uniq_natasha

Action                     || total
---------------------------++-------
   Fire: Shortbow          ||    28
    Use: Scroll            ||     1
 Armour: Leather armour    ||     4
  Dodge: Dodged            ||     8
